Map: Terraform LE (Void)

Players

PinheadLarry (Astrea)

  • Race: Protoss Protoss
  • League: Diamond

desRow - Winner!

  • Race: Protoss Protoss
  • League: Diamond

Event: ASL Season 5 Prime League LOTV Beta

VOD

Have the link to the VOD?

Description

Time

  • Played on: Sept. 6, 2015, 12:06 a.m.
  • Length: 21:09

All games in this series

Show
View Real Time Build Order
Export as new Build Order

PinheadLarry Protoss 

Build Orders: Blink Stalkers 

Get SALT Encoding   

  12  0:00  Probe (Chrono Boost)  
  13  0:10  Probe (Chrono Boost)  
  14  0:18  Pylon  
  14  0:20  Probe (Chrono Boost)  
  15  0:36  Probe (Chrono Boost)  
  15  0:38  Gateway  
  16  0:46  Probe (Chrono Boost)  
  16  0:47  Assimilator  
  17  0:55  Assimilator  
  17  0:56  Probe (Chrono Boost)  
  18  1:06  Probe (Chrono Boost)  
  18  1:09  Gateway  
  19  1:16  Probe (Chrono Boost)  
  20  1:26  Cybernetics Core, Probe (Chrono Boost)  
  20  1:30  Pylon  
  21  1:36  Probe (Chrono Boost)  
  22  1:46  Probe (Chrono Boost)  
  23  1:56  Probe (Chrono Boost)  
  23  1:59  Warp Gate (Chrono Boost)  
  24  2:03  Stalker x2  
  28  2:08  Pylon  
  28  2:14  Mothership Core  
  30  2:34  Twilight Council  
  31  2:42  Stalker  
  32  2:51  Gateway  
  32  2:55  Pylon, Blink (Chrono Boost)  
  32  2:58  Probe  
  32  3:35  Nexus  
  32  3:42  Robotics Facility  
  32  3:46  Probe  
  33  3:50  Pylon  
  33  3:58  Probe  
  34  4:05  Stalker  
  36  4:10  Stalker  
  36  4:14  Probe  
  39  4:21  Stalker  
  41  4:26  Probe  
  41  4:32  Observer  
  42  4:43  Stalker  
  44  4:49  Stalker  
  44  4:50  Pylon  
  46  4:59  Stalker  
  48  5:02  Probe x2 (Chrono Boost)  
  50  5:12  Probe x2 (Chrono Boost)  
  52  5:18  Stalker x2  
  56  5:29  Stalker  
  56  5:31  Probe x2 (Chrono Boost)  
  60  5:41  Probe x2 (Chrono Boost)  
  60  5:53  Stalker x3  
  60  5:54  Probe x2 (Chrono Boost)  
  68  6:04  Probe (Chrono Boost)  
  68  6:05  Probe (Chrono Boost)  
  70  6:13  Assimilator  
  70  6:14  Assimilator  
  70  6:15  Forge  
  68  6:25  Stalker  
  68  6:26  Stalker x2  
  68  6:28  Probe (Chrono Boost)  
  68  6:29  Probe (Chrono Boost)  
  76  6:38  Probe (Chrono Boost)  
  76  6:39  Probe (Chrono Boost)  
  78  6:43  Pylon  
  78  6:45  Pylon  
  78  6:50  Probe x2 (Chrono Boost)  
  76  6:55  Stalker x2  
  70  7:05  Protoss Ground Weapons Level 1  
  70  7:06  Immortal  
  74  7:10  Stalker  
  76  7:18  Pylon  
  76  7:26  Sentry  
  76  7:27  Sentry  
  80  7:32  Gateway  
  80  7:35  Gateway  
  80  7:36  Gateway  
  80  7:45  Nexus  
  82  7:51  Immortal  
  82  8:01  Probe (Chrono Boost)  
  79  8:07  Probe (Chrono Boost)  
  79  8:10  Charge  
  79  8:11  Probe (Chrono Boost)  
  81  8:14  Templar Archives  
  81  8:19  Probe (Chrono Boost)  
  82  8:22  Probe (Chrono Boost)  
  83  8:29  Probe (Chrono Boost)  
  83  8:32  Immortal, Probe (Chrono Boost)  
  85  9:04  Probe x2 (Chrono Boost)  
  85  9:05  Probe (Chrono Boost), Assimilator  
  85  9:06  High Templar x4, Assimilator  
  96  9:10  Archon x2  
  96  9:11  Pylon, Photon Cannon  
  96  9:15  Pylon  
  100  9:19  Protoss Ground Weapons Level 2  
  100  9:20  Observer  
  95  9:33  Photon Cannon  
  95  9:38  Adept x6  
  103  9:42  Gateway  
  103  9:44  Gateway  
  103  9:52  Immortal  
  103  10:10  Adept x2, High Templar x2  
  103  10:11  Adept x2  
  115  10:15  Gateway  
  115  10:17  Pylon  
  115  10:20  Pylon  
  115  10:23  Pylon  
  115  10:24  Archon  
  119  10:40  Immortal  
  119  10:43  Adept x6  
  131  10:57  Pylon  
  131  11:00  Pylon  
  129  11:04  Adept x5  
  129  11:05  Adept  
  138  11:20  Immortal  
  138  11:23  Pylon  
  136  11:25  Pylon  
  136  11:29  Protoss Ground Weapons Level 3 (Chrono Boost)  
  136  11:39  High Templar x3  
  142  11:40  High Templar  
  142  11:41  Stalker x2  
  142  11:43  Stalker  
  150  11:52  Archon x2  
  149  11:59  Immortal  
  153  12:06  Pylon  
  153  12:07  Pylon  
  153  12:18  Nexus  
  147  12:33  High Templar x2  
  147  12:34  High Templar x2  
  149  12:37  Immortal (Chrono Boost)  
  149  12:42  Shield Upgrade (Chrono Boost)  
  149  12:43  Pylon  
  153  12:44  Pylon  
  153  12:45  Mothership Core  
  153  12:46  Archon  
  153  12:47  Archon  
  151  12:51  Photon Cannon  
  151  13:05  Probe x2, Assimilator  
  153  13:06  Probe  
  153  13:07  Assimilator  
  154  13:13  Robotics Bay  
  154  13:14  Observer (Chrono Boost)  
  154  13:17  Probe  
  144  13:28  High Templar x2  
  144  13:33  Archon  
  136  13:35  Adept x7  
  146  13:46  Immortal (Chrono Boost)  
  116  14:04  Adept x4  
  118  14:24  Disruptor (Chrono Boost)  
  119  14:33  Photon Cannon  
  119  14:37  Protoss Ground Armor Level 1  
  119  14:43  Robotics Facility  
  119  14:45  Adept x9, Pylon  
  137  15:04  Disruptor (Chrono Boost)  
  140  15:11  Pylon  
  134  15:20  Pylon  
  132  15:28  Nexus  
  132  15:33  Adept  
  132  15:34  Adept x7, Disruptor (Chrono Boost)  
  132  15:35  Adept  
  148  15:41  Mothership Core  
  144  15:56  Disruptor (Chrono Boost)  
  126  16:08  Nexus  
  126  16:13  Stalker x3  
  126  16:14  Stalker x2  
  126  16:15  Stalker  
  138  16:25  Disruptor (Chrono Boost)  
  138  16:32  Disruptor (Chrono Boost)  
  144  16:33  Adept x3  
  144  16:45  Probe x3  
  143  16:55  Disruptor (Chrono Boost)  
  143  17:00  Probe  
  143  17:01  Probe x2  
  149  17:03  Probe  
  149  17:06  Assimilator  
  149  17:07  Assimilator  
  149  17:08  Pylon  
  150  17:13  Probe  
  149  17:22  Disruptor (Chrono Boost)  
  152  17:28  Adept x9  
  162  17:44  Probe  
  162  17:46  Probe x2  
  162  17:49  Pylon  
  162  17:50  Pylon  
  165  17:52  Pylon x2  
  165  18:16  Disruptor (Chrono Boost)  
  171  18:22  Disruptor (Chrono Boost)  
  165  18:39  Adept x2  
  165  18:40  Adept x7  
  183  18:49  Gateway  
  183  18:52  Gateway  
  183  18:53  Gateway  
  183  18:56  Gateway  
  183  18:58  Disruptor (Chrono Boost)  
  183  19:00  Gateway  
  183  19:01  Adept x4  
  183  19:02  Adept, Disruptor (Chrono Boost)  
  180  19:12  Probe  
  180  19:14  Probe x3  
  181  19:25  Photon Cannon  
  181  19:28  Observer (Chrono Boost)  
  178  19:33  Observer (Chrono Boost), Photon Cannon  
  178  19:36  Photon Cannon  
  153  20:14  Disruptor x2 (Chrono Boost)  
  159  20:28  Zealot x5  
  159  20:30  Nexus  
  159  20:31  Zealot x4  
  159  20:32  Zealot  
  179  20:38  Nexus  
  179  20:41  Pylon  
  162  20:52  Adept x5  
Show
View Real Time Build Order
Export as new Build Order

desRow Protoss - Winner!

Build Orders:  

Get SALT Encoding   

  12  0:01  Probe (Chrono Boost)  
  13  0:11  Probe (Chrono Boost)  
  14  0:17  Pylon  
  14  0:21  Probe (Chrono Boost)  
  15  0:35  Probe (Chrono Boost)  
  15  0:37  Gateway  
  16  0:45  Probe (Chrono Boost)  
  17  0:50  Assimilator  
  17  0:55  Probe (Chrono Boost), Assimilator  
  18  1:05  Probe (Chrono Boost)  
  18  1:09  Gateway  
  19  1:16  Probe (Chrono Boost)  
  20  1:24  Cybernetics Core  
  20  1:26  Probe (Chrono Boost)  
  20  1:31  Pylon  
  21  1:36  Probe (Chrono Boost)  
  22  1:46  Probe (Chrono Boost)  
  23  1:56  Probe (Chrono Boost)  
  23  2:00  Warp Gate (Chrono Boost)  
  24  2:02  Stalker (Chrono Boost)  
  24  2:03  Stalker (Chrono Boost)  
  28  2:14  Mothership Core (Chrono Boost)  
  30  2:28  Pylon  
  30  2:38  Probe  
  31  2:49  Stalker (Chrono Boost)  
  34  2:53  Probe  
  34  2:54  Stalker (Chrono Boost)  
  35  3:06  Nexus  
  35  3:19  Stalker (Chrono Boost)  
  37  3:30  Sentry (Chrono Boost)  
  37  3:33  Robotics Facility  
  39  3:43  Pylon  
  39  4:01  Probe  
  40  4:04  Sentry x2  
  44  4:13  Probe  
  44  4:16  Probe  
  45  4:22  Observer (Chrono Boost)  
  47  4:25  Probe  
  47  4:26  Probe  
  47  4:30  Forge  
  49  4:36  Probe  
  49  4:37  Probe  
  51  4:39  Pylon  
  51  4:40  Immortal (Chrono Boost)  
  55  4:48  Probe (Chrono Boost)  
  55  4:49  Probe (Chrono Boost)  
  55  4:52  Assimilator  
  57  4:53  Assimilator  
  57  5:00  Probe (Chrono Boost)  
  57  5:01  Probe (Chrono Boost)  
  57  5:15  Stalker  
  57  5:20  Pylon  
  58  5:22  Pylon  
  58  5:24  Protoss Ground Weapons Level 1  
  58  5:28  Probe (Chrono Boost)  
  58  5:29  Probe (Chrono Boost)  
  60  5:37  Immortal (Chrono Boost), Probe  
  60  5:39  Probe  
  61  5:52  Stalker x2, Probe  
  61  5:54  Probe  
  67  6:02  Probe  
  65  6:05  Robotics Bay  
  65  6:11  Gateway x2  
  66  6:24  Stalker x2  
  68  6:28  Probe  
  68  6:30  Probe  
  68  6:31  Pylon  
  70  6:33  Pylon  
  70  6:38  Probe, Pylon  
  70  6:43  Immortal (Chrono Boost)  
  71  6:56  Stalker x2  
  65  7:07  Pylon  
  65  7:15  Disruptor (Chrono Boost)  
  65  7:17  Stalker  
  65  7:18  Adept  
  65  7:19  Adept x2  
  76  7:23  Protoss Ground Armor Level 1  
  75  7:45  Disruptor (Chrono Boost)  
  75  7:47  Sentry  
  78  8:03  Mothership Core  
  78  8:06  Nexus  
  78  8:08  Pylon  
  78  8:11  Twilight Council  
  79  8:29  Adept  
  79  8:30  Adept x2  
  85  8:35  Nexus, Pylon  
  85  8:36  Probe  
  85  8:38  Probe  
  85  8:39  Pylon, Photon Cannon  
  85  8:41  Photon Cannon  
  87  8:46  Observer (Chrono Boost)  
  88  9:01  Disruptor (Chrono Boost)  
  80  9:03  Blink (Chrono Boost)  
  80  9:04  Stalker x4  
  91  9:19  Protoss Ground Weapons Level 2  
  91  9:30  Warp Prism  
  91  9:33  Stalker x3  
  99  9:52  Probe  
  99  9:54  Probe x2  
  99  9:56  Photon Cannon, Assimilator  
  99  9:59  Assimilator  
  102  10:03  Probe  
  102  10:06  Templar Archives, Probe  
  104  10:21  Probe x2  
  104  10:23  Probe  
  104  10:28  Disruptor  
  109  10:35  Adept x2  
  109  10:36  Adept x2  
  117  10:42  Gateway  
  117  10:44  Gateway  
  116  11:03  Adept  
  115  11:04  Zealot  
  114  11:17  Probe  
  111  11:25  Probe  
  112  11:27  Probe  
  112  11:31  Probe  
  114  11:40  High Templar  
  114  11:41  High Templar x3  
  116  11:50  Protoss Ground Weapons Level 3  
  116  11:52  Disruptor  
  112  11:55  Nexus  
  112  11:57  Pylon  
  112  12:00  High Templar x2  
  119  12:01  Archon  
  119  12:02  Archon  
  119  12:03  Archon  
  119  12:13  High Templar x2  
  119  12:15  Archon  
  123  12:26  Disruptor  
  118  12:33  Adept x2  
  125  12:42  Adept x2  
  129  12:51  High Templar  
  129  12:52  High Templar  
  129  12:56  Gateway  
  129  12:57  Probe x2  
  129  12:58  Probe  
  135  12:59  Photon Cannon  
  135  13:01  Gateway  
  135  13:04  Archon  
  135  13:05  Adept x2  
  140  13:12  Pylon  
  140  13:14  Pylon  
  138  13:32  Disruptor  
  131  13:44  Adept x2  
  131  13:45  Adept x4  
  117  14:07  Assimilator  
  117  14:10  Protoss Shields Level 1 (Chrono Boost), Assimilator, Immortal  
  117  14:13  Adept x5  
  117  14:14  Adept  
  132  14:21  Robotics Facility  
  129  14:40  Adept  
  129  14:41  Adept x2  
  129  14:42  Adept x5  
  145  14:47  Immortal  
  145  14:49  Pylon  
  145  14:52  Pylon  
  149  15:01  Adept x2  
  149  15:02  Adept x5  
  163  15:13  Probe, Photon Cannon  
  159  15:23  Probe  
  159  15:27  Shield Upgrade  
  160  15:34  Adept  
  160  15:35  Adept  
  159  15:54  Protoss Shields Level 2  
  145  16:03  Disruptor (Chrono Boost)  
  141  16:04  Disruptor (Chrono Boost)  
  147  16:21  High Templar x2  
  147  16:22  High Templar x2  
  147  16:23  Archon  
  147  16:24  Archon  
  155  16:26  Adept x2  
  155  16:27  Adept x2  
  155  16:30  Nexus  
  155  16:32  Photon Cannon  
  163  16:33  Assimilator  
  163  16:37  Assimilator  
  163  16:39  Pylon  
  161  16:45  Dark Shrine  
  161  16:46  Probe  
  161  16:53  Disruptor (Chrono Boost), Warp Prism (Chrono Boost)  
  163  16:57  Probe  
  164  17:04  Adept x2  
  164  17:05  Stalker x2, Adept  
  174  17:11  Photon Cannon  
  174  17:17  Adept  
  174  17:18  Adept  
  174  17:35  Adept x2  
  176  17:44  Disruptor x2 (Chrono Boost)  
  176  17:49  High Templar x2  
  176  17:50  Adept x2  
  176  17:51  Adept x2  
  190  17:52  Archon  
  190  17:55  Probe  
  190  17:56  Probe  
  190  17:57  Probe  
  193  18:15  Observer x2 (Chrono Boost)  
  194  18:36  Pylon x2  
  192  18:58  Dark Templar  
  192  18:59  Dark Templar x4  
  200  19:05  Nexus  
  185  20:14  Disruptor (Chrono Boost)  
  185  20:15  Disruptor (Chrono Boost)  
  191  20:33  Pylon  
  175  20:59  Dark Templar  
  175  21:00  Dark Templar x4  
  175  21:01  Adept x3  
Tags
 
Add a new tag
Caveats
  • Supply blocks, unpowered buildings, or Contaminate may cause inaccurate times.
  • Supply counts are checked every 10 seconds.